 Dungeon Sprint DCSS version 0.21.0 (webtiles) character file.

445 wojtek the Basher (level 6, -9/62 HPs)
             Began as a Minotaur Berserker on Jan 7, 2018.
             Was a Believer of Trog.
             Killed from afar by an electric eel (11 damage)
             ... with a bolt of electricity
             ... in the Dungeon (Sprint II: "The Violet Keep of Menkaure").
             The game lasted 00:00:40 (441 turns).

wojtek the Basher (Minotaur Berserker)               Turns: 441, Time: 00:00:41

Health: -9/62      AC:  2    Str: 24    XL:     6   Next: 72%
Magic:  5/5        EV: 15    Int:  4    God:    Trog [**....]
Gold:   486        SH:  0    Dex:  9    Spells: 5/5 levels left

rFire    . . .     SeeInvis .   a - +0 mace
rCold    . . .     Gourm    .   (no shield)
rNeg     . . .     Faith    .   b - +0 animal skin
rPois    .         Spirit   .   (helmet restricted)
rElec    .         Reflect  .   (no cloak)
rCorr    .         Harm     .   (no gloves)
MR       .....     NoTele   +   (no boots)
Stlth    +.........             (no amulet)
HPRegen  0.20/turn              (no ring)
MPRegen  0.09/turn              (no ring)

@: no status effects
A: retaliatory headbutt, horns 2, no potion heal 1
a: Berserk, Trog's Hand, Burn Spellbooks, Renounce Religion


You were in the Dungeon.
You worshipped Trog.
Trog was pleased with you.
You were not hungry.

You visited 1 branch You collected 486 gold pieces.

Inventory:

Hand Weapons
 a - a +0 mace (weapon)
Armour
 b - a +0 animal skin (worn)
Scrolls
 i - a scroll of blinking
Potions
 d - a potion of curing
 e - a potion of heal wounds
 f - a potion of haste
 g - 2 potions of magic
 h - a potion of berserk rage
Comestibles
 c - a ration


   Skills:
 + Level 8.6 Fighting
 * Level 11.3 Maces & Flails
 + Level 8.1 Armour
 + Level 7.4 Dodging


You had 5 spell levels left.
You didn't know any spells.

Dungeon Overview and Level Annotations

Branches:
Dungeon (1/1)

Altars:


Innate Abilities, Weirdness & Mutations

You reflexively headbutt those who attack you in melee.
You have a pair of horns on your head.
Potions are less effective at restoring your health.


Message History

The electric eel shoots out a bolt of lightning at you!
The bolt of electricity hits you!
The electric eel shoots out a bolt of lightning at you!
The bolt of electricity hits the electric eel.
The electric eel completely resists.
The bolt of electricity hits you!
The electric eel shoots out a bolt of lightning at you!
The bolt of electricity hits the electric eel.
The electric eel completely resists.
The bolt of electricity hits you!
* * * LOW HITPOINT WARNING * * *
The electric eel shoots out a bolt of lightning at you!
The bolt of electricity misses you.
There is an open door here.
The electric eel shoots out a bolt of lightning at you!
The bolt of electricity misses you. The bolt of electricity hits you!
* * * LOW HITPOINT WARNING * * *
You close the door.
Something unseen opens the door.
The neqoxec gestures.
The electric eel shoots out a bolt of lightning at you!
The bolt of electricity hits you!
You die...

##'###.##
##.##...#
+.<.')#.+
##.##...#
#'###.##
####.####
#..##.# #.$.##
##@##
#≈≈§≈3≈§≈≈§§
#'''#§'5#≈≈≈
#§§;;;;§#
#§≈§;;;;≈≈#
§§§≈§§§;§≈≈≈'
§##≈≈≈§≈§§≈≈##§
##≈≈§≈§§§##


You could see a neqoxec, 9 electric eels and a white imp.

Vanquished Creatures
  A merfolk siren (D)
  A neqoxec (D)
  3 worms (D)
5 creatures vanquished.

Vanquished Creatures (others)
  Menkaure (D)
  A crocodile (D)
2 creatures vanquished.

Grand Total: 7 creatures vanquished

Notes
Turn   | Place    | Note
-------+----------+-------------------------------------------
     0 | D        | wojtek the Minotaur Berserker began the quest for the Orb.
     0 | D        | Reached XP level 1. HP: 19/19 MP: 0/0
     8 | D        | Reached skill level 4 in Maces & Flails
    14 | D        | Reached ** piety under Trog
    14 | D        | Reached XP level 2. HP: 12/27 MP: 1/1
    26 | D        | Killed Menkaure
   195 | D        | Noticed a merfolk siren
   199 | D        | Killed a merfolk siren
   199 | D        | Reached skill level 10 in Maces & Flails
   199 | D        | Reached XP level 3. HP: 17/40 MP: 2/2
   199 | D        | Reached XP level 4. HP: 21/48 MP: 3/3
   199 | D        | Reached XP level 5. HP: 23/53 MP: 4/4
   199 | D        | Reached XP level 6. HP: 26/61 MP: 5/5
   404 | D        | Noticed a neqoxec
   406 | D        | Gained mutation: Potions are less effective at restoring your health. [a neqoxec]
   408 | D        | Killed a neqoxec
   408 | D        | Reached skill level 11 in Maces & Flails
   438 | D        | Noticed a neqoxec
   439 | D        | HP: 2/62 [electric eel/bolt of electricity (11)]
   441 | D        | Killed from afar by an electric eel

Skill      XL: |  1  2  3  4  5  6 |
---------------+-------------------+-----
Fighting       | 4 7 8 |  8.6
Maces & Flails | 4 10 11 | 11.3
Armour         | 3 7 8 |  8.1
Dodging        | 3 6 7 |  7.4

Action                   |  1- 3 |  4- 6 || total
-------------------------+-------+-------++-------
Melee: Mace              |    12 |     3 ||    15
       Headbutt          |     3 |     1 ||     4
Invok: Berserk           |     1 |     1 ||     2
Dodge: Dodged            |     4 |     2 ||     6
